 Dungeon Crawl Stone Soup version 0.19.1 (webtiles) character file.

59 esteth the Skirmisher (level 4, -5/37 HPs)
             Began as a Formicid Abyssal Knight on Dec 19, 2016.
             Was a Follower of Lugonu.
             Slain by a gnoll
             ... wielding a +0 club
              (7 damage)
             ... on level 1 of the Dungeon.
             The game lasted 00:03:36 (2086 turns).

esteth the Skirmisher (Formicid Abyssal Knight)     Turns: 2086, Time: 00:03:37

Health: -5/37      AC:  3    Str: 17    XL:     4   Next: 22%
Magic:  6/6        EV: 11    Int: 12    God:    Lugonu [*.....]
Gold:   92         SH:  3    Dex: 10    Spells: 0 memorised, 3 levels left

rFire  . . .     SeeInvis +     a - +1 hand axe
rCold  . . .     Gourm    .     b - +0 leather armour
rNeg   . . .     Faith    .     h - +0 buckler
rPois  .         Spirit   .     (helmet unavailable)
rElec  .         Reflect  .     (no cloak)
rCorr  .         Harm     .     (no gloves)
MR     .....                    (no boots)
Stlth  +.........               (no amulet)
                                (no ring)
                                (no ring)

@: no status effects
A: permanent stasis, dig shafts and tunnels, four strong arms, antennae 3, claws
1, high mp 1
a: Dig, Shaft Self, Depart the Abyss, Renounce Religion


You were on level 1 of the Dungeon.
You worshipped Lugonu.
Lugonu was aware of your devotion.
You were hungry.

You visited 1 branch of the dungeon, and saw 2 of its levels.
You visited the Abyss 1 time.

You collected 92 gold pieces.

Inventory:

Hand Weapons
 a - a +1 hand axe (weapon)
Armour
 b - a +0 leather armour (worn)
 h - a +0 buckler (worn)
Scrolls
 f - a scroll of magic mapping {unknown}
 k - a scroll of fear {unknown}
Comestibles
 c - a bread ration
 i - a royal jelly


   Skills:
 + Level 4.0 Fighting
 * Level 2.4 Axes
 + Level 2.5 Armour
 + Level 1.4 Dodging
 + Level 1.4 Shields
 - Level 2.4 Invocations


You had 3 spell levels left.
You didn't know any spells.

Dungeon Overview and Level Annotations

Branches:
Dungeon (2/15)

Altars:


Innate Abilities, Weirdness & Mutations

You are under a permanent stasis effect.
You can dig through walls and to a lower floor.
Your four strong arms can wield two-handed weapons with a shield.
You have a pair of large antennae on your head. (SInv)
You have sharp fingernails.
You have an increased reservoir of magic. (+10% MP)


Message History

You are too injured to fight recklessly!
You are too injured to fight recklessly!
You are too injured to fight recklessly!
You are too injured to fight recklessly!
You are too injured to fight recklessly!
You slash the gnoll!
You kill the gnoll!
Lugonu accepts your kill.
Your Fighting skill increases to level 4!
You hit the gnoll.
The gnoll is moderately wounded.
The gnoll barely misses you.
You slash the gnoll!
The gnoll is almost dead.
The gnoll hits you with a club!
* * * LOW HITPOINT WARNING * * *
You barely miss the gnoll.
The gnoll is almost dead.
The gnoll hits you with a club!
You die...

#.# ####### ### #.#####
#.....# #.. #.#...# #.....#
#.. #.#...# #.....# #..
#.#...# #.....# ### #.#...#
#.....######### #.#...#
#...>..........
#.#..)#####.............{
#.'.....@gw...........###
#####.#....################♣♣
#..........##.......)........
##.##..###.##.............♣..
##.##..###.##(..###........♣.
#...........#..## ##.......♣.
##..######..#..## ##........♣
#..# #..#...###...####...
#..# #..#...÷....##..##..


You could see a worm and a gnoll.

Vanquished Creatures
  3 gnolls (D:1)
  A dart slug (D:1)
  A leopard gecko (D:1)
  4 bats (D:1)
  3 giant cockroaches (D:1)
  A goblin (D:1)
  4 hobgoblins (D:1)
  5 frilled lizards (D:1)
  5 kobolds (D:1)
  2 rats (D:1)
29 creatures vanquished.

Notes
Turn   | Place    | Note
-------+----------+-------------------------------------------
     0 | Abyss:1  | esteth the Formicid Abyssal Knight began the quest for the Orb.
     0 | Abyss:1  | Reached XP level 1. HP: 18/18 MP: 2/2
    40 | Abyss:1  | Noticed an ancient zyme
    47 | D:1      | Escaped the Abyss
   112 | D:1      | Reached skill level 1 in Dodging
   405 | D:1      | Reached * piety under Lugonu
   405 | D:1      | Reached XP level 2. HP: 16/24 MP: 3/3
  1080 | D:1      | Reached skill level 1 in Shields
  1216 | D:1      | Reached XP level 3. HP: 28/29 MP: 4/4
  1856 | D:1      | Reached XP level 4. HP: 13/37 MP: 5/5
  2075 | D:1      | Gained mutation: You have an increased reservoir of magic. (+10% MP) [potion of mutation]
  2075 | D:1      | Gained mutation: You have sharp fingernails. [potion of mutation]
  2083 | D:1      | Reached skill level 4 in Fighting
  2086 | D:1      | Slain by a gnoll

Skill      XL: |  1  2  3  4 |
---------------+-------------+-----
Dodging        | 1 |  1.4
Shields        | 1 |  1.4
Fighting       | 4 |  4.0
Axes           | |  2.4
Armour         | |  2.5
Invocations    | |  2.4

Action                   |  1- 3 |  4- 6 || total
-------------------------+-------+-------++-------
Melee: Hand axe          |   123 |     9 ||   132
Invok: Depart the Abyss  |     1 |       ||     1
  Use: Potion            |       |     3 ||     3
  Eat: Chunk             |     3 |       ||     3
Armor: Leather armour    |    42 |       ||    42
Dodge: Dodged            |    64 |     7 ||    71
Block: Buckler           |    10 |       ||    10
